Map: Newkirk Precinct TE (Void)

Players

HEMORRHOIDS - Winner!

  • Race: Protoss Protoss
  • League: Diamond
  • Spawn Location: 7:00

Esadar

  • Race: Protoss Protoss
  • League: Master
  • Spawn Location: 5:00

VOD

Have the link to the VOD?

Description

Time

  • Played on: March 19, 2017, 3:08 p.m.
  • Length: 10:34
Show
View Real Time Build Order
Export as new Build Order

HEMORRHOIDS Protoss - Winner!

Build Orders: Cannon Rush 

Get SALT Encoding   

  12  0:01  Probe (Chrono Boost)  
  13  0:11  Probe (Chrono Boost)  
  14  0:22  Pylon  
  14  0:24  Probe (Chrono Boost)  
  15  0:40  Probe (Chrono Boost)  
  16  0:44  Forge  
  16  0:51  Probe (Chrono Boost)  
  17  1:01  Probe (Chrono Boost)  
  18  1:06  Pylon  
  18  1:25  Photon Cannon  
  18  1:33  Pylon  
  17  1:53  Photon Cannon  
  17  1:54  Photon Cannon  
  17  1:56  Photon Cannon  
  17  1:57  Pylon  
  17  2:00  Photon Cannon  
  17  2:06  Photon Cannon  
  17  2:11  Probe (Chrono Boost)  
  17  2:14  Assimilator  
  18  2:27  Photon Cannon  
  18  2:34  Pylon  
  18  2:45  Pylon  
  18  2:49  Pylon  
  18  2:53  Pylon  
  18  3:05  Photon Cannon  
  18  3:09  Photon Cannon  
  18  3:19  Photon Cannon  
  18  3:47  Photon Cannon  
  18  4:00  Photon Cannon  
  18  4:12  Photon Cannon  
  18  4:18  Gateway  
  18  4:30  Pylon  
  18  4:36  Photon Cannon  
  18  4:41  Pylon  
  18  4:50  Probe (Chrono Boost), Assimilator  
  19  5:03  Photon Cannon  
  20  5:07  Probe (Chrono Boost)  
  20  5:17  Probe (Chrono Boost)  
  21  5:22  Gateway  
  21  5:26  Photon Cannon  
  21  5:35  Photon Cannon  
  21  5:48  Probe (Chrono Boost)  
  21  5:58  Probe (Chrono Boost)  
  22  6:09  Probe (Chrono Boost)  
  23  6:11  Cybernetics Core  
  23  6:19  Probe (Chrono Boost)  
  24  6:50  Stargate  
  24  6:51  Stargate  
  24  6:55  Stargate  
  24  7:04  Pylon  
  24  7:11  Zealot  
  26  7:34  Void Ray x2  
  34  7:38  Void Ray, Zealot  
  40  8:03  Zealot  
  42  8:18  Void Ray  
  46  8:28  Void Ray  
  46  8:29  Zealot  
  52  8:57  Zealot  
  52  9:02  Void Ray  
Show
View Real Time Build Order
Export as new Build Order

Esadar Protoss 

Build Orders:  

Get SALT Encoding   

  12  0:01  Probe (Chrono Boost)  
  13  0:11  Probe (Chrono Boost)  
  14  0:19  Pylon  
  14  0:22  Probe (Chrono Boost)  
  15  0:37  Probe (Chrono Boost)  
  15  0:40  Gateway  
  16  0:45  Assimilator  
  16  0:48  Probe (Chrono Boost)  
  17  0:53  Assimilator  
  17  0:58  Probe (Chrono Boost)  
  18  1:09  Probe (Chrono Boost)  
  19  1:20  Probe (Chrono Boost)  
  19  1:25  Pylon  
  20  1:29  Zealot, Cybernetics Core  
  24  2:08  Mothership Core (Chrono Boost)  
  23  2:48  Probe (Chrono Boost)  
  23  2:58  Nexus  
  23  2:59  Pylon  
  23  3:23  Gateway  
  23  3:32  Probe (Chrono Boost)  
  24  3:46  Probe (Chrono Boost)  
  25  3:56  Probe (Chrono Boost)  
  25  3:59  Gateway  
  26  4:02  Assimilator  
  26  4:07  Assimilator  
  26  4:15  Cybernetics Core  
  26  4:26  Nexus  
  17  4:44  Probe (Chrono Boost)  
  17  4:50  Warp Gate  
  17  4:54  Probe (Chrono Boost)  
  18  5:06  Probe (Chrono Boost)  
  18  5:07  Stalker  
  21  5:15  Stalker  
  23  5:29  Pylon  
  23  5:38  Probe (Chrono Boost)  
  23  5:39  Probe (Chrono Boost)  
  25  5:48  Probe (Chrono Boost)  
  27  5:51  Probe (Chrono Boost)  
  27  5:54  Stalker  
  29  6:02  Stalker  
  31  6:10  Probe (Chrono Boost)  
  32  6:14  Probe (Chrono Boost)  
  33  6:25  Probe (Chrono Boost)  
  34  6:28  Probe (Chrono Boost)  
  34  6:41  Probe (Chrono Boost)  
  34  6:56  Robotics Facility  
  34  6:59  Pylon  
  34  7:06  Pylon  
  34  7:17  Probe (Chrono Boost)  
  34  7:21  Stalker x2  
  39  7:28  Probe (Chrono Boost)  
  40  7:37  Pylon  
  40  7:38  Probe (Chrono Boost)  
  41  7:45  Observer  
  41  7:49  Probe (Chrono Boost)  
  43  8:04  Stalker  
  45  8:06  Nexus  
  45  8:14  Twilight Council  
  45  8:16  Observer  
  45  8:17  Probe (Chrono Boost)  
  47  8:31  Stalker x2  
  51  8:44  Probe (Chrono Boost)  
  53  8:56  Probe (Chrono Boost)  
  53  8:57  Stalker  
  53  9:02  Pylon  
  55  9:19  Probe (Chrono Boost)  
  56  9:26  Gateway, Stalker x2  
  57  9:31  Probe (Chrono Boost)  
  53  9:43  Probe (Chrono Boost)  
Tags
 
Add a new tag
Caveats
  • Supply blocks, unpowered buildings, or Contaminate may cause inaccurate times.
  • Supply counts are checked every 10 seconds.